 Dungeon Crawl Stone Soup version 0.30-a0-738-g116ff8c4af (webtiles) character file.

Game seed: 17606017644313819376

331 drewk1942 the Prestidigitator (level 6, -3/39 HPs)
             Began as a Gnoll Wanderer on Feb 3, 2023.
             Was a Believer of Hepliaklqana.
             Succumbed to a gnoll's poison
             ... on level 3 of the Dungeon.
             The game lasted 00:05:49 (2248 turns).

drewk1942 the Prestidigitator (Gnoll Wanderer)      Turns: 2248, Time: 00:05:50

Health: -3/39      AC:  3    Str: 11    XL:     6   Next: 52%
Magic:  2/9        EV: 14    Int: 11    God:    Hepliaklqana [**....]
Gold:   173        SH:  5    Dex: 20    Spells: 9/9 levels left

rFire   . . .      SeeInvis .    a - +0 hand axe
rCold   . . .      Faith    .    m - +0 buckler
rNeg    . . .      Spirit   +    e - +0 leather armour
rPois   .          Reflect  .    (no helmet)
rElec   .          Harm     .    (no cloak)
rCorr   .          Rampage  .    (no gloves)
Will    .....                    (no boots)
Stlth   ++                       f - amulet of guardian spirit
HPRegen 0.26/turn                l - +6 ring of dexterity
MPRegen 0.11/turn                (no ring)

@: lethally poisoned (-3 -> -34), invisible
A: reduced essence, fangs 1, strong nose, distributed training
a: Renounce Religion, Recall Ancestor, Ancestor Identity


You were on level 3 of the Dungeon.
You worshipped Hepliaklqana.
Hepliaklqana was pleased with you.
You visited 1 branch of the dungeon, and saw 3 of its levels.

You collected 173 gold pieces.

Inventory:

Hand Weapons
 a - a +0 hand axe (weapon)
 i - a +2 dagger of draining
 u - a +2 mace of protection
Missiles
 g - 14 poisoned darts
Armour
 e - a +0 leather armour (worn)
 m - a +0 buckler (worn)
Jewellery
 f - an amulet of guardian spirit (around neck)
 l - a +6 ring of dexterity (left hand)
 v - a ring of magical power
Wands
 b - a wand of flame (18) (quivered)
Scrolls
 c - 5 scrolls of teleportation
 d - 3 scrolls of vulnerability
 j - a scroll of magic mapping {unknown}
 n - a scroll of enchant armour {unknown}
 o - a scroll of fog {unknown}
 s - a scroll of enchant weapon {unknown}
Potions
 h - a potion of cancellation {unknown}
 k - a potion of invisibility
 p - a potion of resistance {unknown}
 q - a potion of berserk rage {unknown}
 r - 2 potions of mutation {unknown}
 t - 3 potions of flight {unknown}


   Skills:
 + Level 2.1 Fighting
 + Level 2.1 Short Blades
 + Level 2.1 Long Blades
 + Level 3.3 Axes
 + Level 2.1 Maces & Flails
 + Level 2.1 Polearms
 + Level 2.1 Staves
 + Level 2.1 Ranged Weapons
 + Level 2.1 Throwing
 + Level 2.1 Armour
 + Level 5.0 Dodging
 + Level 3.1 Stealth
 + Level 2.1 Shields
 + Level 2.1 Unarmed Combat
 + Level 2.1 Spellcasting
 + Level 1.6 Conjurations
 + Level 1.6 Hexes
 + Level 1.6 Summonings
 + Level 1.6 Necromancy
 + Level 1.6 Translocations
 + Level 1.6 Transmutations
 + Level 1.6 Fire Magic
 + Level 1.6 Ice Magic
 + Level 1.6 Air Magic
 + Level 1.6 Earth Magic
 + Level 1.6 Poison Magic
 + Level 3.5 Invocations
 + Level 10.6 Evocations


You had 9 spell levels left.
You didn't know any spells.
Your spell library was empty.

Dungeon Overview and Level Annotations

Branches:
Dungeon (3/15)

Altars:
Hepliaklqana

Annotations:
D:3 1 transporter


Innate Abilities, Weirdness & Mutations

Your life essence is reduced to manifest your ancestor. (-10% HP)
You have very sharp teeth.
Your uncanny sense of smell can sniff out nearby items.
Your experience applies equally to all skills.


Message History

The gnoll misses you.
You hit Chaicat's ghost.
Chaicat's ghost is severely damaged.
You hit the plant.
A nearby plant withers and dies.
Servia hits Chaicat's ghost with a +0 quarterstaff.
Chaicat's ghost completely misses Servia.
The gnoll hits you from afar with a +2 spear of venom.
You are poisoned.
You catch the helpless Chaicat's ghost completely off-guard!
You hit Chaicat's ghost but do no damage.
Chaicat's ghost is severely damaged.
You feel very sick.
Servia casts a spell at Chaicat's ghost.
The stone arrow hits Chaicat's ghost!
Chaicat's ghost is destroyed!
The gnoll hits you from afar with a +2 spear of venom.
* * * LOW HITPOINT WARNING * * *
You are lethally poisoned!
Your Fighting skill increases to level 2!
Your Short Blades skill increases to level 2!
Your Long Blades skill increases to level 2!
Your Maces & Flails skill increases to level 2!
Your Polearms skill increases to level 2!
Your Staves skill increases to level 2!
Your Ranged Weapons skill increases to level 2!
Your Throwing skill increases to level 2!
Your Armour skill increases to level 2!
Your Dodging skill increases to level 5!
Your Shields skill increases to level 2!
Your Unarmed Combat skill increases to level 2!
Your Spellcasting skill increases to level 2!
You swap places.
* * * LOW HITPOINT WARNING * * *
You feel very sick.
The gnoll hits you from afar with a +2 spear of venom.
* * * LOW HITPOINT WARNING * * *
You are more poisoned.
It was a potion of invisibility.
You fade into invisibility!
You die...

#..≈≈≈≈≈≈≈≈≈≈≈≈~≈≈≈≈≈≈≈≈≈≈≈≈..#
#..≈≈≈≈≈≈≈≈≈≈≈≈~≈≈≈≈≈≈≈≈≈≈≈≈..#
#..≈≈#####...........#####≈≈..###
#..≈≈#g#.#[###.©.###.#.#.#≈≈.....
#..≈≈#gg.###.#####.###...#≈≈.###.
#..≈≈###...?...........###≈≈.###.
#..≈≈.8#.######'######.#8.≈≈.....
#..≈≈.##.# #8..#.⌠.#.##.≈≈..###
#..~~.#..' ∆#⌠©@../.'..#.~~..# #
#..≈≈.##.# #8R.#.⌠.#.##.≈≈.##
#.)≈≈.8#.######g######.#8)≈≈.##
#..≈≈###..g........)...###≈≈..#
#..≈≈#g..###g#####g###...#≈≈..###
#..≈≈#.#.#.###.©.###.#g#g#≈≈.....
#..≈≈#####...........#####≈≈.####
#..≈≈≈≈≈≈≈≈≈≈≈...≈≈≈≈≈≈≈≈≈≈≈.# ##
#..≈≈≈≈≈≈≈≈≈≈≈...≈≈≈≈≈≈≈≈≈≈≈.# #)


You could see the friendly Servia the battlemage and a gnoll (unable to see you,
ally target).

Vanquished Creatures
  An ice beast (D:3)
  A worm (D:2)
  4 dart slugs
  An orc (D:3)
  7 ball pythons (D:1)
  5 endoplasms
  A giant cockroach (D:1)
  5 goblins
  2 jackals (D:1)
  2 quokkas
  6 bats
  A frilled lizard (D:1)
  4 kobolds
  A rat (D:1)
41 creatures vanquished.

Vanquished Creatures (collateral kills)
  The ghost of Chaicat the Trooper, an amateur HOFi (D:3)
  Jessica (D:3)
  4 gnolls (D:3)
  A dart slug (D:3)
  3 orcs (D:3)
  2 ball pythons (D:2)
  2 endoplasms
  A giant cockroach (D:2)
  2 goblins (D:3)
  2 hobgoblins
  A quokka (D:2)
  A bat (D:2)
  A frilled lizard (D:2)
  3 kobolds
  3 rats
28 creatures vanquished.

Vanquished Creatures (others)
  A battlemage (D:3)
  An ancestor (D:2)
  6 plants (D:3)
8 creatures vanquished.

Grand Total: 77 creatures vanquished

Notes
Turn   | Place    | Note
-------+----------+-------------------------------------------
     0 | D:1      | Reached skill level 10 in Evocations
     0 | D:1      | drewk1942 the Gnoll Wanderer began the quest for the Orb.
     0 | D:1      | drewk1942 set off with the following items: a +0 hand axe,
                  | a wand of flame (19), a scroll of teleportation, a scroll
                  | of vulnerability, a +0 leather armour.
     0 | D:1      | Reached XP level 1. HP: 13/13 MP: 2/2
   248 | D:1      | Reached XP level 2. HP: 19/19 MP: 3/3
   485 | D:1      | Reached XP level 3. HP: 22/25 MP: 4/4
   563 | D:1      | Found a faded altar of an unknown god.
   576 | D:1      | Prayed at the altar of an unknown god.
   576 | D:1      | Became a worshipper of Hepliaklqana the Forgotten
   576 | D:1      | Reached * piety under Hepliaklqana
  1150 | D:2      | Reached skill level 1 in Fighting
  1150 | D:2      | Reached skill level 1 in Short Blades
  1150 | D:2      | Reached skill level 1 in Long Blades
  1150 | D:2      | Reached skill level 1 in Maces & Flails
  1150 | D:2      | Reached skill level 1 in Polearms
  1150 | D:2      | Reached skill level 1 in Staves
  1150 | D:2      | Reached skill level 1 in Ranged Weapons
  1150 | D:2      | Reached skill level 1 in Throwing
  1150 | D:2      | Reached skill level 1 in Armour
  1150 | D:2      | Reached skill level 1 in Shields
  1150 | D:2      | Reached skill level 1 in Unarmed Combat
  1150 | D:2      | Reached skill level 1 in Spellcasting
  1303 | D:2      | Reached XP level 4. HP: 28/28 MP: 6/6
  1536 | D:3      | Reached ** piety under Hepliaklqana
  1537 | D:3      | Remembered your ancestor Servia as a battlemage
  1567 | D:3      | Noticed an ice beast
  1576 | D:3      | Killed an ice beast
  1577 | D:3      | Reached skill level 1 in Conjurations
  1577 | D:3      | Reached skill level 1 in Hexes
  1577 | D:3      | Reached skill level 1 in Summonings
  1577 | D:3      | Reached skill level 1 in Necromancy
  1577 | D:3      | Reached skill level 1 in Translocations
  1577 | D:3      | Reached skill level 1 in Transmutations
  1577 | D:3      | Reached skill level 1 in Fire Magic
  1577 | D:3      | Reached skill level 1 in Ice Magic
  1577 | D:3      | Reached skill level 1 in Air Magic
  1577 | D:3      | Reached skill level 1 in Earth Magic
  1577 | D:3      | Reached skill level 1 in Poison Magic
  1577 | D:3      | Reached XP level 5. HP: 33/33 MP: 5/7
  1837 | D:3      | Noticed Jessica
  1844 | D:3      | Killed Jessica
  1845 | D:3      | Reached XP level 6. HP: 39/39 MP: 8/8
  2081 | D:3      | Found a transporter.
  2102 | D:3      | Found a transporter.
  2238 | D:3      | Noticed Chaicat's ghost (amateur HOFi)
  2246 | D:3      | Killed Chaicat's ghost
  2247 | D:3      | Reached skill level 5 in Dodging
  2248 | D:3      | Succumbed to a gnoll's poison

Illustrated notes

Levels and vault maps discovered:
D:1:      matt_arrival_diagonals, layout_basic,
          nicolae_ecumenical_snake_handling
D:2:      layout_rooms, kennysheep_crisscross
D:3:      layout_loops_ring, gammafunk_ghost_gnarly_gnolls,
          minmay_misc_feat_tiny, uniq_jessica

Skill      XL: |  1  2  3  4  5  6 |
---------------+-------------------+-----
Evocations     | | 10.6
Fighting       | 1 2 |  2.1
Short Blades   | 1 2 |  2.1
Long Blades    | 1 2 |  2.1
Maces & Flails | 1 2 |  2.1
Polearms       | 1 2 |  2.1
Staves         | 1 2 |  2.1
Ranged Weapons | 1 2 |  2.1
Throwing       | 1 2 |  2.1
Armour         | 1 2 |  2.1
Shields        | 1 2 |  2.1
Unarmed Combat | 1 2 |  2.1
Spellcasting   | 1 2 |  2.1
Axes           | 3 |  3.3
Conjurations   | 1 |  1.6
Hexes          | 1 |  1.6
Summonings     | 1 |  1.6
Necromancy     | 1 |  1.6
Translocations | 1 |  1.6
Transmutations | 1 |  1.6
Fire Magic     | 1 |  1.6
Ice Magic      | 1 |  1.6
Air Magic      | 1 |  1.6
Earth Magic    | 1 |  1.6
Poison Magic   | 1 |  1.6
Invocations    | 3 |  3.5
Stealth        | 3 |  3.1
Dodging        | 5 |  5.0

Action                     |  1- 3 |  4- 6 || total
---------------------------+-------+-------++-------
  Melee: Hand axe          |    63 |    44 ||   107
         Bite              |     7 |     7 ||    14
         Punch             |     1 |       ||     1
 Invoke: Recall Ancestor   |     1 |       ||     1
         Ancestor Identity |     1 |       ||     1
         Ancestor Life: Ba |       |     1 ||     1
  Evoke: Wand              |    11 |     5 ||    16
    Use: Potion            |       |     1 ||     1
   Stab: Sleeping          |     3 |     4 ||     7
         Distracted        |       |     1 ||     1
 Armour: Leather armour    |    12 |    14 ||    26
  Dodge: Dodged            |    56 |    23 ||    79
  Block: Buckler           |     2 |    11 ||    13

Table legend: (Time is in decaauts)
 A = Elapsed time spent in this place.
 B = Non-inter-level travel time spent in this place.
 C = Inter-level travel time spent in this place.
 D = Time resting spent in this place.
 E = Time spent auto-exploring this place.
 F = Levels seen in this place.
 G = Mean time per level.
                   A        B        C        D        E       F      G
               +--------+--------+--------+--------+--------+-----+--------+
         Total |   2266 |   2196 |     70 |      0 |   1684 |   3 |  755.3 |
       Dungeon |   2266 |   2196 |     70 |      0 |   1684 |   3 |  755.3 |
               +--------+--------+--------+--------+--------+-----+--------+

Top non-repeatable levels by time:
     D:1: 966 daAuts
     D:3: 790 daAuts
     D:2: 508 daAuts
